 Dungeon Crawl Stone Soup version 0.22-a0-458-gb446440 (webtiles) character file.

252 suicidejoker the Skirmisher (level 6, 0/40 HPs)
             Began as a Gargoyle Fighter on June 9, 2018.
             Killed from afar by an orc wizard (5 damage)
             ... with a puff of flame
             ... on level 3 of the Dungeon.
             The game lasted 00:04:11 (1915 turns).

suicidejoker the Skirmisher (Gargoyle Fighter)      Turns: 1915, Time: 00:04:12

Health: 0/40       AC: 11    Str: 20      XL:     6   Next: 14%
Magic:  6/6        EV:  7    Int:  8      God:
Gold:   118        SH:  0    Dex:  8 (11) Spells: 5/5 levels left

rFire    . . .     SeeInvis .   e - +2 whip (flame)
rCold    . . .     Gourm    .   c - +0 shield
rNeg     + . .     Faith    .   b - +0 scale mail
rPois    ∞         Spirit   .   (no helmet)
rElec    +         Reflect  .   (no cloak)
rCorr    .         Harm     .   (no gloves)
MR       .....                  (no boots)
Stlth    ..........             (no amulet)
HPRegen  0.13/turn              (no ring)
MPRegen  0.10/turn              (no ring)

@: confused
A: negative energy resistance 1, electricity resistance, unbreathing,
petrification resistance, rot immunity, AC +4
a: no special abilities


You were on level 3 of the Dungeon.
You were not hungry.

You visited 1 branch of the dungeon, and saw 3 of its levels.

You collected 118 gold pieces.

Inventory:

Hand Weapons
 a - a +0 long sword
 d - a +3 dagger of draining
 e - a +2 whip of flaming (weapon)
 i - a +1 whip of electrocution
Missiles
 k - 18 bolts
Armour
 b - a +0 scale mail (worn)
 c - a +0 shield (worn)
Scrolls
 g - 2 scrolls of identify
 h - a scroll of remove curse {unknown}
 j - a scroll of random uselessness {unknown}
Comestibles
 f - a ration


   Skills:
 * Level 5.0 Fighting
 * Level 3.6 Long Blades
 + Level 4.2 Armour
 + Level 4.1 Shields


You had 5 spell levels left.
You didn't know any spells.
Your spell library contained the following spells:

 Spells                   Type           Power        Failure   Level  Hunger
 Apportation              Tloc           #.....       99%         1    ##.....
 Summon Small Mammal      Summ           #...         99%         1    ##.....
 Animate Skeleton         Necr           N/A          99%         1    ##.....
 Confusing Touch          Hex            #.....       99%         1    ##.....


Dungeon Overview and Level Annotations

Branches:
Dungeon (3/15)

Altars:
Trog


Innate Abilities, Weirdness & Mutations

You are resistant to torment.
Your stone body is resilient. (AC +4)
You are immune to poison.
You resist negative energy. (rN+)
You are resistant to electric shocks. (rElec)
You can survive without breathing.
You are immune to petrification.
You are immune to rotting.


Message History

* * * LOW HITPOINT WARNING * * *
You aren't carrying any potions.
Unknown command.
A kobold comes into view.
The kobold falls through a shaft!
The shaft crumbles and collapses.
An orc wizard appears from thin air!
Reactivating autopickup.
The orc wizard gestures at you while chanting.
The puff of flame misses you.
The orc wizard points at you and mumbles some strange words.
You are confused.
Found 14 gold pieces.
Found a stone staircase leading down.
Found a hunting sling and a scroll labeled HARHEALEZI.
You bump into the rock wall.
You bump into the rock wall.
You closely miss the orc wizard.
The orc wizard is moderately wounded.
The orc wizard gestures at you while chanting.
The puff of flame hits you!
You die...

#... .# ..?....#....
.# ....... ... ..###
.......####.####....
............o....###.#
........#....#<......#
).......# #o[..#####
........# #.####
.......@#####.#
..#.....o.o...#
#...#.o###### #......#
#....... #........
#........ #...###.>.
#... #$.


You could see 3 orc wizards.

Vanquished Creatures
  Sigmund (D:2)
  Jessica (D:2)
  An adder (D:2)
  An ooze (D:1)
  A worm (D:2)
  4 dart slugs
  2 orcs (D:3)
  A ball python (D:2)
  9 hobgoblins
  A quokka (D:2)
  6 bats
  3 frilled lizards (D:1)
  9 goblins
  7 kobolds
  10 rats
57 creatures vanquished.

Notes
Turn   | Place    | Note
-------+----------+-------------------------------------------
     0 | D:1      | suicidejoker the Gargoyle Fighter began the quest for the Orb.
     0 | D:1      | Reached XP level 1. HP: 14/14 MP: 1/1
   187 | D:1      | Reached XP level 2. HP: 19/19 MP: 2/2
   520 | D:1      | Reached XP level 3. HP: 24/24 MP: 3/3
   833 | D:2      | Reached skill level 4 in Fighting
   844 | D:2      | Found a bloodstained altar of Trog.
   858 | D:2      | Noticed Jessica
   866 | D:2      | Killed Jessica
   866 | D:2      | Reached XP level 4. HP: 20/29 MP: 4/4
   876 | D:2      | Noticed Sigmund
  1163 | D:2      | Killed Sigmund
  1163 | D:2      | Reached XP level 5. HP: 16/34 MP: 5/5
  1163 | D:2      | Reached XP level 6. HP: 18/40 MP: 6/6
  1616 | D:2      | Reached skill level 5 in Fighting
  1915 | D:3      | Killed from afar by an orc wizard

Vault maps used:
D:1:      minmay_arrival_stone_box
D:2:      bloody_trog, uniq_sigmund, uniq_jessica
D:3:      old_standard_altar, grunt_dithmenos_smoke_and_mirrors

Skill      XL: |  1  2  3  4  5  6 |
---------------+-------------------+-----
Long Blades    | 2 3 |  3.6
Fighting       | 4 5 |  5.0
Armour         | 4 |  4.2
Shields        | 4 |  4.1

Action                   |  1- 3 |  4- 6 || total
-------------------------+-------+-------++-------
Melee: Long sword        |   119 |    85 ||   204
       Whip              |       |    18 ||    18
  Use: Potion            |       |     4 ||     4
       Scroll            |       |     1 ||     1
  Eat: Ration            |       |     1 ||     1
Armor: Scale mail        |    58 |    54 ||   112
Dodge: Dodged            |    38 |    25 ||    63
Block: Shield            |    73 |    38 ||   111
       Rpst.: Long sword |    17 |     6 ||    23

Table legend:
 A = Spawn XP
 B = Non-spawn XP
 C = Spawn XP percentage of total XP
 D = Spawn monster count
 E = Non-spawn monster count
 F = Spawn count percentage of total count
 G = Total turns spent on level
                    A         B        C        D         E        F      G
               +---------+---------+-------+---------+---------+-------+---------
         Total |       0 |     361 |   0.0 |       0 |      57 |   0.0 |  1915
               +---------+---------+-------+---------+---------+-------+---------
           D:1 |       0 |      48 |   0.0 |       0 |      25 |   0.0 |   644
           D:2 |       0 |     305 |   0.0 |       0 |      29 |   0.0 |   976
           D:3 |       0 |       8 |   0.0 |       0 |       3 |   0.0 |   295
               +---------+---------+-------+---------+---------+-------+---------
